 Dungeon Crawl Stone Soup version 0.31.0-32-g396128a36d (webtiles) character file.

Game seed: 8099813777663494453

337 AgateBread the Digger (level 6, 0/37 HPs)
             Began as a Gargoyle Earth Elementalist on Apr 14, 2024.
             Was an Initiate of Vehumet.
             Slain by an orc
             ... wielding a +0 club
              (3 damage)
             ... on level 4 of the Dungeon.
             The game lasted 00:20:15 (3900 turns).

AgateBread the Digger (Gargoyle Earth Elementalist) Turns: 3900, Time: 00:20:18

Health: 0/37       AC:  8    Str: 11    XL:     6   Next: 54%
Magic:  8/9        EV: 11    Int: 18    God:    Vehumet [......]
Gold:   120        SH:  0    Dex: 10    Spells: 5/9 levels left

rFire   . . .        r - +1 rapier (speed)
rCold   . . .        (no shield)
rNeg    + . .        a - +0 robe
rPois   ∞            h - +0 helmet
rElec   +            (no cloak)
rCorr   .            (no gloves)
SInv    .            l - +0 pair of boots
Will    .....        (no amulet)
Stlth   ++           o - +4 ring of slaying
HPRegen 0.26/turn    (no ring)
MPRegen 0.11/turn

%: no passive effects
@: no status effects
A: sickness immunity, AC +4, negative energy resistance 1, electricity
resistance, torment resistance 1, petrification resistance
a: Renounce Religion


You were on level 4 of the Dungeon.
You worshipped Vehumet.
Vehumet was noncommittal.
You visited 2 branches of the dungeon, and saw 5 of its levels.

You collected 172 gold pieces.
You spent 52 gold pieces at shops.

Inventory:

Hand Weapons
 c - a +0 short sword of speed
 m - a +0 morningstar
 r - a +1 rapier of speed (weapon)
Armour
 a - a +0 robe (worn)
 h - a +0 helmet (worn)
 i - a +0 ring mail
 l - a +0 pair of boots (worn)
Magical Staves
 d - a staff of fire
 u - a staff of conjuration
Jewellery
 o - a +4 ring of slaying (left hand)
Talismans
 q - a serpent talisman
Scrolls
 e - a scroll of teleportation
 g - a scroll of poison
 k - a scroll of butterflies
 n - a scroll of brand weapon {unknown}
 p - a scroll of fear {unknown}
 s - a scroll of vulnerability {unknown}
 t - a scroll of enchant weapon {unknown}
Potions
 b - 2 potions of magic
 f - a potion of cancellation
 j - 5 potions of curing


   Skills:
 + Level 3.0 Fighting
 - Level 1.5 Dodging
 - Level 2.1 Stealth
 - Level 2.0 Spellcasting
 + Level 4.4 Conjurations
 - Level 6.0 Earth Magic


You had 5 spell levels left.
You knew the following spells:

 Your Spells              Type           Power      Damage    Failure   Level
a - Sandblast             Erth           46%        2d11      1%          1
b - Stone Arrow           Conj/Erth      40%        3d9       6%          3

Your spell library contained the following spells:

 Spells                   Type           Power      Damage    Failure   Level
 Passwall                 Erth           23%        N/A       4%          3
 Brom's Barrelling Bould  Conj/Erth      20%        2d4       22%         4
 Call Imp                 Summ           2%         N/A       26%         2
 Petrify                  Alch/Erth      12%        N/A       45%         4
 Summon Hydra             Summ           0%         N/A       100%        7
 Sublimation of Blood     Necr           Unusable   N/A       N/A         2

Dungeon Overview and Level Annotations

Branches:
Dungeon (4/15)             Temple (1/1) D:4

Altars:
Elyvilon
Fedhas
Gozag
Hepliaklqana
Makhleb
Nemelex Xobeh
Ru
Sif Muna
Trog
Uskayaw
Vehumet
Xom
Yredelemnul
Zin

Shops:
D:2 ?

Annotations:
D:2 1 runed translucent door, Crazy Yiuf
D:4 Edmund


Innate Abilities, Weirdness & Mutations

You are immune to sickness and miasma.
Your stone body is resilient. (AC +4)
You are immune to poison.
You resist negative energy. (rN+)
You are resistant to electric shocks. (rElec)
You are resistant to unholy torment.
You are immune to petrification.


Message History

The orc wizard casts a spell at you. The magic dart hits you.
The orc completely misses you. The orc closely misses you.
The orc wizard casts a spell at you. The magic dart hits you.
You're too confused to cast spells.
You hit the orc.
The orc is moderately wounded.
The orc hits you but does no damage.
The orc wizard hits you but does no damage.
The orc wizard points at you and mumbles some strange words.
The magic dart hits you! The orc attacks as it pursues you!
The orc hits you but does no damage.
You hit the orc but do no damage.
The orc is moderately wounded.
The orc wizard mumbles some strange words.
The orc wizard flickers and vanishes!
Deactivating autopickup; reactivate with Ctrl-A.
The orc barely misses you.
You feel less confused. The orc attacks as it pursues you!
The orc hits you but does no damage.
You hit the orc.
The orc is almost dead.
You hit the orc.
You kill the orc!
Vehumet accepts your kill.
Unknown command.
Things that are here:
a +0 dagger; a +0 leather armour You miss something.
You hear some strange, mumbled words.
A magic dart appears from out of thin air!
The magic dart hits you! The orc closely misses you.
You barely miss something.
You hear some strange, mumbled words.
A magic dart appears from out of thin air!
The magic dart hits you!
* * * LOW HITPOINT WARNING * * *
The orc hits you with a +0 club.
You die...

#....#.#.#.....#
.##.#.#.#[....# ..... #
.............# ....
.#.##.#.##.#....## ...#
......#....#....###...#
#...#.......+.....#
..#.#.>.#.##....#.....
#...............##o.#
#....#.#.#.....@##'#####.##
...##.#.#.#.#...{o'.........
#. . ......#.....#.........
# .#.##.#......###+###.####
#.#....#.##.+## # . .
......... .. ......+.. #
..##. ## ##


You could see an orc.

Vanquished Creatures
  A bombardier beetle (D:3)
  3 hounds
  Jessica (D:3)
  Natasha (thrice) (D:3)
  2 gnolls
  An adder (D:2)
  2 ribbon worms
  2 dart slugs
  11 orcs (D:4)
  8 bats
  6 endoplasms
  A giant cockroach (D:4)
  5 hobgoblins
  3 jackals (D:1)
  4 kobolds
  2 quokkas
  7 ball pythons
  A frilled lizard (D:2)
  3 goblins
  7 rats
73 creatures vanquished.

Notes
Turn   | Place    | Note
-------+----------+-------------------------------------------
     0 | D:1      | AgateBread the Gargoyle Earth Elementalist began the quest
                  | for the Orb.
     0 | D:1      | Reached XP level 1. HP: 10/10 MP: 3/3
   230 | D:1      | Reached XP level 2. HP: 15/15 MP: 3/5
   247 | D:1      | Reached skill level 4 in Earth Magic
  1120 | D:2      | Reached XP level 3. HP: 19/19 MP: 4/6
  1765 | D:2      | Found Haiteos's Magic Scroll Emporium.
  1775 | D:2      | Bought a scroll of identify for 26 gold pieces
  1775 | D:2      | Bought a scroll of identify for 26 gold pieces
  1819 | D:2      | Found a runed translucent door.
  1820 | D:2      | Noticed Crazy Yiuf
  2200 | D:3      | Learned a level 3 spell: Stone Arrow
  2338 | D:3      | Found a faded altar of an unknown god.
  2338 | D:3      | Noticed Natasha
  2346 | D:3      | Killed Natasha
  2347 | D:3      | Reached skill level 5 in Earth Magic
  2347 | D:3      | Reached XP level 4. HP: 22/24 MP: 5/7
  2517 | D:3      | Noticed Natasha
  2522 | D:3      | Killed Natasha
  2562 | D:3      | Found a basalt altar of Yredelemnul.
  2623 | D:3      | Noticed Jessica
  2627 | D:3      | Killed Jessica
  2628 | D:3      | Reached skill level 6 in Earth Magic
  2628 | D:3      | Reached XP level 5. HP: 28/28 MP: 4/8
  2631 | D:3      | Reached skill level 1 in Fighting
  3086 | D:3      | Reached XP level 6. HP: 16/35 MP: 3/9
  3125 | D:3      | Noticed Natasha
  3129 | D:3      | Killed Natasha
  3493 | D:4      | Noticed Edmund
  3701 | D:4      | Found a staircase to the Ecumenical Temple.
  3721 | Temple   | Entered the Ecumenical Temple
  3826 | Temple   | Became a worshipper of Vehumet
  3900 | D:4      | Slain by an orc

Illustrated notes

Levels and vault maps discovered:
D:1:      dpeg_arrival_round_b, layout_rooms, serial_glass, glass_columns_b,
          glass_columns_a
D:2:      layout_basic, serial_shops, nicolae_shop_trees,
          uniq_crazy_yiuf_cottage
D:3:      layout_loops_ring, general_overflow_altar,
          shapermc_ecumenical_altar_gd, nrook_campfire,
          minmay_tree_intersection, cheibrodos_gnoll_hut, uniq_jessica,
          uniq_natasha
D:4:      layout_gridville, minmay_temple_entry_ruins, hex_large, uniq_edmund
Temple:   cyrus_circular_temple

Skill      XL: |  1  2  3  4  5  6 |
---------------+-------------------+-----
Earth Magic    | 4 5 6 |  6.0
Conjurations   | 2 3 4 |  4.4
Fighting       | 2 3 |  3.0
Dodging        | |  1.5
Stealth        | |  2.1
Spellcasting   | |  2.0

Action                     |  1- 3 |  4- 6 || total
---------------------------+-------+-------++-------
  Melee: Short sword       |    27 |     2 ||    29
         Rapier            |       |    15 ||    15
         Staff             |       |     3 ||     3
   Cast: Sandblast         |    41 |    45 ||    86
    Use: Scroll            |     4 |     1 ||     5
 Armour: Robe              |    17 |    35 ||    52
  Dodge: Dodged            |    20 |    30 ||    50
